 Dungeon Crawl Stone Soup version 0.20.0-15-g7f486f2 (webtiles) character file.

49 Chiseanne the Magician (level 3, -2/24 HPs)
             Began as a Demonspawn Wizard on June 14, 2017.
             Slain by a worm (3 damage)
             ... on level 2 of the Dungeon.
             The game lasted 00:03:48 (2470 turns).

Chiseanne the Magician (Demonspawn Wizard)          Turns: 2470, Time: 00:03:49

Health: -2/24      AC:  3    Str:  7    XL:     3   Next: 53%
Magic:  1/8        EV: 12    Int: 20    God:
Gold:   78         SH:  0    Dex: 11    Spells: 0/9 levels left

rFire    + . .     SeeInvis .   h - -3 dagger (curse)
rCold    . . .     Gourm    .   (no shield)
rNeg     . . .     Faith    .   a - +0 robe
rPois    .         Spirit   .   b - +1 hat
rElec    .         Reflect  .   (no cloak)
rCorr    .         Harm     .   (no gloves)
MR       .....                  (no boots)
Stlth    ++........             (no amulet)
Regen    0.1/turn               (no ring)
MPRegen  0.2/turn               (no ring)

@: no status effects
A: fire resistance 1, sturdy frame 1
a: no special abilities


You were on level 2 of the Dungeon.
You were not hungry.

You visited 1 branch of the dungeon, and saw 2 of its levels.

You collected 78 gold pieces.

Inventory:

Hand Weapons
 h - a cursed -3 dagger (weapon)
 m - a +0 mace
Missiles
 e - 65 stones (quivered)
 f - 25 bolts
 j - 20 sling bullets
 o - 7 tomahawks
 p - 8 arrows
Armour
 a - a +0 robe (worn)
 b - a +1 hat (worn)
Scrolls
 i - 2 scrolls of amnesia
 n - a scroll of enchant armour
Potions
 c - a potion of heal wounds {unknown}
 k - 2 potions of lignification
 q - a potion of agility {unknown}
Comestibles
 d - a bread ration
 g - a meat ration
 r - 2 fruits


   Skills:
 - Level 1.7 Dodging
 - Level 1.7 Stealth
 * Level 3.7 Spellcasting
 * Level 2.4 Conjurations
   Level 1.0 Summonings
 - Level 0.8 Translocations


You couldn't memorise any spells.
You knew the following spells:

 Your Spells              Type           Power        Failure   Level  Hunger
a - Magic Dart            Conj           ##..         4%          1    None
b - Blink                 Tloc           N/A          14%         2    ##.....
c - Conjure Flame         Conj/Fire      #.......     24%         3    ###....
d - Mephitic Cloud        Conj/Pois/Air  #.......     28%         3    ###....


Dungeon Overview and Level Annotations

Branches:
Dungeon (2/15)

Altars:
Uskayaw


Innate Abilities, Weirdness & Mutations

Your flesh is heat resistant. (rF+)
Your movements are slightly less encumbered by armour. (ER -2)


Message History

Confirm with . or Enter, or press ? or * to list all spells.
You don't have enough magic to cast that spell.
Casting: Magic Dart
Confirm with . or Enter, or press ? or * to list all spells.
You don't have enough magic to cast that spell.
You hit the worm but do no damage.
The worm is severely wounded.
The worm completely misses you.
You hit the worm.
The worm is severely wounded.
You hit the worm.
The worm is severely wounded.
The worm bites you!
* * * LOW HITPOINT WARNING * * *
You barely miss the worm.
The worm is severely wounded.
You hit the worm but do no damage.
The worm is severely wounded.
The worm bites you.
You die...

**,* *,* **,** ***
*,,,** **,*##*###*#
,,,,,****,,,,......#
,,,,,,,,,,,*,*.#.#.*
,,,,,****,*,**,._.,*
*,,,** **,****#w#**
**,** *** #@# *,*
#.# *,* #.# *,*
####.# **,*** #....#
,,,,,* #.####
,,...########.#
**............#
*##.####.#####


You could see a worm.

Vanquished Creatures
  A worm (D:2)
  3 leopard geckos
  4 giant cockroaches (D:1)
  6 goblins
  4 hobgoblins
  A quokka (D:2)
  A ball python (D:2)
  5 bats
  8 frilled lizards
  6 kobolds
  5 rats
44 creatures vanquished.

Notes
Turn   | Place    | Note
-------+----------+-------------------------------------------
     0 | D:1      | Chiseanne the Demonspawn Wizard began the quest for the Orb.
     0 | D:1      | Reached XP level 1. HP: 13/13 MP: 4/4
   592 | D:1      | Gained mutation: Your movements are slightly less encumbered by armour. (ER -2) [demonic ancestry]
   592 | D:1      | Reached XP level 2. HP: 15/19 MP: 1/6
  1715 | D:1      | Learned a level 2 spell: Blink
  1722 | D:2      | Gained mutation: Your flesh is heat resistant. (rF+) [demonic ancestry]
  1722 | D:2      | Reached XP level 3. HP: 24/24 MP: 0/8
  2197 | D:2      | Learned a level 3 spell: Conjure Flame
  2201 | D:2      | Learned a level 3 spell: Mephitic Cloud
  2445 | D:2      | Found a hide-covered altar of Uskayaw.
  2468 | D:2      | HP: 1/24 [worm (10)]
  2470 | D:2      | Slain by a worm

Skill      XL: |  1  2 |
---------------+-------+-----
Conjurations   | 2 |  2.4
Dodging        | |  1.7
Stealth        | |  1.7
Spellcasting   | |  3.7
Summonings     | |  1.0
Translocations | |  0.8

Action                   || total
-------------------------++-------
Melee: Dagger            ||   117
 Cast: Magic Dart        ||   104
  Use: Scroll            ||     6
       Potion            ||     2
  Eat: Chunk             ||     5
Armor: Robe              ||    33
       Skin              ||     1
Dodge: Dodged            ||    86
